 Dungeon Crawl Stone Soup version 0.29-a0-885-gb26ba3297d (webtiles) character file.

Game seed: 4712407269215859420

7 IdlyInterested the Unbeliever (level 1, 0/15 HPs)
             Began as a Demonspawn Wanderer on July 20, 2022.
             Slain by a kobold
             ... wielding a +0 dagger
              (3 damage)
             ... on level 1 of the Dungeon.
             The game lasted 00:01:09 (205 turns).

IdlyInterested the Unbeliever (Demonspawn Wanderer)  Turns: 205, Time: 00:01:09

Health: 0/15       AC:  3    Str: 11    XL:     1   Next: 83%
Magic:  2/2        EV: 12    Int: 15    God:
Gold:   17         SH:  0    Dex: 11    Spells: 1/2 levels left

rFire   . . .      SeeInvis .   a - +0 spear
rCold   . . .      Faith    .   (no shield)
rNeg    . . .      Spirit   .   d - +0 robe
rPois   .          Reflect  .   (no helmet)
rElec   .          Harm     .   (no cloak)
rCorr   .          Rampage  .   b - +0 pair of gloves
Will    .....                   (no boots)
Stlth   +.........              (no amulet)
HPRegen 0.05/turn               (no ring)
MPRegen 0.08/turn               (no ring)

@: no status effects
A: no striking features
a: no special abilities


You were on level 1 of the Dungeon.
You visited 1 branch of the dungeon, and saw 1 of its levels.

You collected 17 gold pieces.

Inventory:

Hand Weapons
 a - a +0 spear (weapon)
Armour
 b - a +0 pair of gloves (worn)
 d - a +0 robe (worn)
Scrolls
 e - a scroll of immolation {unknown}
Potions
 c - a potion of lignification


   Skills:
 * Level 1.0 Fighting
 + Level 1.9 Polearms
 - Level 1.0 Armour
 - Level 1.7 Dodging
 - Level 1.0 Spellcasting
 - Level 2.0 Poison Magic
 + Level 2.6 Invocations


You had one spell level left.
You knew the following spells:

 Your Spells              Type           Power      Damage    Failure   Level
a - Sting                 Tmut/Pois      12%        1d3       16%         1

Your spell library contained the following spells:

 Spells                   Type           Power      Damage    Failure   Level
 Spider Form              Tmut/Pois      3%         N/A       43%         3
 Ignite Poison            Fire/Tmut/Pois 2%         N/A       50%         3


Dungeon Overview and Level Annotations

Branches:
Dungeon (1/15)

Altars:


Message History

A rat comes into view.
A kobold comes into view. It is wielding a +0 dagger.
The dart slug misses you.
You hit the dart slug.
The dart slug is heavily wounded.
The kobold shouts!
The dart slug launches a dart at you. The slug dart hits you.
You hit the dart slug but do no damage.
The dart slug is heavily wounded.
You hit the dart slug.
The dart slug is severely wounded.
The dart slug closely misses you.
You hit the dart slug.
The dart slug is severely wounded.
The dart slug launches a dart at you. The slug dart misses you.
The rat barely misses you.
You hit the dart slug.
You kill the dart slug!
The rat barely misses you.
Your Fighting skill increases to level 1!
You hit the rat but do no damage. The rat misses you.
The kobold hits you with a +0 dagger.
You barely miss the rat. The rat bites you. The kobold misses you.
You barely miss the rat. The kobold barely misses you.
The rat closely misses you.
You hit the rat but do no damage. The rat closely misses you.
The kobold barely misses you.
You barely miss the rat. The rat closely misses you.
The kobold hits you with a +0 dagger.
You closely miss the rat.
The rat twitches its whiskers.
The rat closely misses you. The kobold hits you with a +0 dagger.
* * * LOW HITPOINT WARNING * * *
You hit the rat but do no damage. The rat closely misses you.
The kobold hits you but does no damage.
You hit the rat.
You kill the rat!
The kobold hits you with a +0 dagger.
You die...

###### ######
.....######### .....#
......†......####.....#
.###†###.###....@.....#
...#.#...#.#.....K....#
.###.###.#.#..........#
..............###.......
.............## .......
.###.###.#.#.### .......
.#.....#.#.#... ...>...
.###.###.###.### ##.....
.............# ....


You could see a kobold.

Vanquished Creatures
  A dart slug (D:1)
  An endoplasm (D:1)
  A giant cockroach (D:1)
  2 frilled lizards (D:1)
  A rat (D:1)
6 creatures vanquished.

Notes
Turn   | Place    | Note
-------+----------+-------------------------------------------
     0 | D:1      | IdlyInterested the Demonspawn Wanderer began the quest for
                  | the Orb.
     0 | D:1      | IdlyInterested set off with the following items: a +0
                  | spear, a +0 pair of gloves, a potion of lignification, a +0
                  | robe; and the following spell memorised: Sting; and the
                  | following spells available to memorise: Spider Form, Ignite
                  | Poison.
     0 | D:1      | Reached XP level 1. HP: 13/13 MP: 2/2
   198 | D:1      | Reached skill level 1 in Fighting
   205 | D:1      | Slain by a kobold

Illustrated notes

Levels and vault maps discovered:
D:1:      dpeg_arrival_orchard, layout_basic,
          shapermc_ecumenical_altar_totnotflames, minmay_misc_feat_nine_boxes

Skill      XL: |  1 |
---------------+----+-----
Fighting       | 1 |  1.0
Polearms       | |  1.9
Armour         | |  1.0
Dodging        | |  1.7
Spellcasting   | |  1.0
Poison Magic   | |  2.0
Invocations    | |  2.6

Action                   || total
-------------------------++-------
Melee: Spear             ||    25
Armor: Robe              ||     8
Dodge: Dodged            ||    25

Table legend: (Time is in decaauts)
 A = Elapsed time spent in this place.
 B = Non-inter-level travel time spent in this place.
 C = Inter-level travel time spent in this place.
 D = Time resting spent in this place.
 E = Time spent auto-exploring this place.
 F = Levels seen in this place.
 G = Mean time per level.
                   A        B        C        D        E       F      G
               +--------+--------+--------+--------+--------+-----+--------+
         Total |    205 |    205 |      0 |      0 |    159 |   1 |  205.0 |
       Dungeon |    205 |    205 |      0 |      0 |    159 |   1 |  205.0 |
               +--------+--------+--------+--------+--------+-----+--------+

Top non-repeatable levels by time:
     D:1: 205 daAuts
